 Dungeon Crawl Stone Soup version 0.32-a0-981-g384da2ce10 (webtiles) character file.

Game seed: 9934752351029577455

603819 Rudyous the Earth Mage (level 27, -9/218 HPs)
             Began as a Human Conjurer on Apr 18, 2024.
             Was the Champion of Vehumet.
             Mangled by a golden dragon (44 damage)
             ... on level 1 of the Realm of Zot on Apr 20, 2024.
             The game lasted 04:14:36 (75282 turns).

Rudyous the Earth Mage (Human Conjurer)            Turns: 75282, Time: 04:14:36

Health: -9/218     AC: 19    Str: 10    XL:     27
Magic:  17/53      EV: 11    Int: 42    God:    Vehumet [******]
Gold:   3864       SH:  5    Dex: 15    Spells: 4/61 levels left

rFire   + + .        H - +2 great sword of the Five Bounties {elec, rElec Int+5}
rCold   . . .        (shield currently unavailable)
rNeg    . . .        x - +2 leather armour {rF+}
rPois   +            r - +2 helmet
rElec   +            t - +2 cloak {rCorr}
rCorr   +            d - +2 pair of gloves
SInv    +            S - +3 pair of mountain boots {steadfast, rC+}
Will    ++...        V - amulet of magic regeneration
Stlth   ++           T - ring "Vetaipe" {MP+9 Str+3 Dex+3 SH+5}
HPRegen 0.56/turn    s - ring of Xokkon {Fire rPois Str-2 Int+6 SInv}
MPRegen 0.73/turn

%: random rage (3%)
@: about to teleport, studying Air Magic
A: explore regen, berserk 1
}: 4/15 runes: serpentine, barnacled, slimy, silver
a: Renounce Religion


You were on level 1 of the Realm of Zot.
You worshipped Vehumet.
Vehumet was exalted by your worship.
You visited 12 branches of the dungeon, and saw 52 of its levels.
You also visited: Trove and Ice Cave.

You collected 8655 gold pieces.
You spent 4791 gold pieces at shops.

Inventory:

Hand Weapons
 m - the +9 sling "Mel Gamy" {heavy, rN+ rCorr Int+4 Dex+3}
   (You found it on level 3 of the Crypt)

   Int+4:     It affects your intelligence (+4).
   Dex+3:     It affects your dexterity (+3).
   rN+:       It protects you from negative energy.
   rCorr:     It protects you from acid and corrosion.
 y - the +5 great sword of Anafiev {protect, *Noise rC+ Int+4}
   (You bought it in a shop on level 3 of the Elven Halls)

   Int+4:     It affects your intelligence (+4).
   rC+:       It protects you from cold.
   *Noise:    It may make a loud noise when swung.
 H - the +2 great sword of the Five Bounties (weapon) {elec, rElec Int+5}
   (You found it on level 4 of the Vaults)

   Int+5:     It affects your intelligence (+5).
   rElec:     It insulates you from electricity.
Missiles
 F - 21 silver javelins
 K - 4 throwing nets
Armour
 b - the sphere of Battle
   (You found it on level 3 of the Elven Halls)

   Battle:    It summons a battlesphere in combat, with strength depending on
   Conjurations skill.
   Destructive: It enhances your destructive magic, and weakens non-destructive
   magic.
 d - a +2 pair of gloves (worn)
 r - a +2 helmet (worn)
 t - a +2 cloak of preservation (worn)
 x - a +2 leather armour of fire resistance (worn)
 E - +0 steam dragon scales
 J - a +3 troll leather armour
 M - a +1 leather armour of cold resistance
 S - the +3 pair of mountain boots (worn) {steadfast, rC+}
   (You found it on level 2 of the Shoals)

   Steadfast: It prevents involuntary movement, except for blinking,
   teleportation, or banishment.
   rC+:       It protects you from cold.
 U - the +0 robe of Lugonu's Generosity {rF- Regen+ rCorr}
   (You bought it in a shop on level 2 of the Orcish Mines)

   rF-:       It makes you vulnerable to fire.
   Regen+:    It increases your rate of health regeneration.
   rCorr:     It protects you from acid and corrosion.
Magical Staves
 k - the staff of Sif Muna, Burning {rPois Int+4 Ice Alchemy}
   (You found it on level 5 of the Pits of Slime)

   [staff of alchemy]

   Base accuracy: +5 Base damage: 5 Base attack delay: 1.2 This weapon's minimum
   attack delay (0.6) is reached at skill level 12.
   Int+4:     It affects your intelligence (+4).
   rPois:     It protects you from poison.
   Ice:       It increases the power of your Ice spells.
   Alchemy:   It increases the power of your Alchemy spells.
   It falls into the 'Staves' category.
   It is a one-handed weapon.
Jewellery
 l - an amulet of regeneration
 s - the ring of Xokkon (right hand) {Fire rPois Str-2 Int+6 SInv}
   (You found it on level 3 of the Elven Halls)

   [ring of fire]

   Fire:      It enhances your fire magic.
   Str-2:     It affects your strength (-2).
   Int+6:     It affects your intelligence (+6).
   rF+:       It protects you from fire.
   rC-:       It makes you vulnerable to cold.
   rPois:     It protects you from poison.
   SInv:      It lets you see invisible.
 A - the ring of the Baleful Lemon {MP+9 Int+5 Dex-4}
   (You found it on level 5 of the Pits of Slime)

   [ring of magical power]

   Int+5:     It affects your intelligence (+5).
   Dex-4:     It affects your dexterity (-4).
   MP+9:      It affects your magic capacity (+9).
 T - the ring "Vetaipe" (left hand) {MP+9 Str+3 Dex+3 SH+5}
   (You bought it in a shop on level 8 of the Dungeon)

   [ring of magical power]

   Str+3:     It affects your strength (+3).
   Dex+3:     It affects your dexterity (+3).
   MP+9:      It affects your magic capacity (+9).
   SH+5:      It affects your SH (+5).
 V - an amulet of magic regeneration (around neck)
 Y - a ring of protection from cold
Talismans
 L - a talisman of death
Wands
 a - a wand of light (25)
 D - a wand of warping (27)
 W - a wand of digging (14)
Scrolls
 f - 8 scrolls of noise
 g - 9 scrolls of immolation
 h - 23 scrolls of teleportation
 u - 15 scrolls of poison
 G - a scroll of summoning
 N - 8 scrolls of fog
 O - 10 scrolls of fear
 R - 4 scrolls of amnesia
 X - 2 scrolls of revelation
Potions
 c - 10 potions of attraction
 e - 23 potions of curing
 i - 6 potions of might
 j - 8 potions of mutation
 n - 2 potions of invisibility
 o - 7 potions of cancellation
 p - 7 potions of resistance
 v - 4 potions of lignification
 w - 11 potions of heal wounds
 B - 11 potions of haste
 C - 4 potions of enlightenment
 I - 6 potions of ambrosia
 P - 3 potions of brilliance
 Z - 8 potions of magic
Miscellaneous
 z - a tin of tremorstones (2/2)
 Q - a lightning rod (4/4)


   Skills:
 - Level 18.3 Fighting
 - Level 8.4 Throwing
 - Level 6.0 Armour
 - Level 2.0 Dodging
 - Level 2.0 Stealth
 * Level 17.8 Spellcasting
 - Level 18.0 Conjurations
 - Level 7.0 Translocations
 + Level 16.1 Fire Magic
 - Level 4.1 Ice Magic
 - Level 18.0 Air Magic
 - Level 19.0 Earth Magic
 + Level 1.6 Evocations
 * Level 15.5 Shapeshifting


You had 4 spell levels left.
You knew the following spells:

 Your Spells              Type           Power      Damage    Failure   Level
a - Shatter               Erth           57%        3d43*     11%         9
b - Chain Lightning       Conj/Air       56%        3d74      16%         9
c - Iskenderun's Mystic   Conj/Tloc      97%        2d19      (+2d11%     4
d - Stone Arrow           Conj/Erth      100%       3d13      0%          3
e - Fireball              Conj/Fire      67%        3d25      0%          5
f - Passage of Golubria   Tloc           77%        N/A       1%          4
g - Ignition              Fire           65%        3d17      2%          8
h - Apportation           Tloc           100%       N/A       1%          1
i - Plasma Beam           Fire/Air       67%        2x1d83    1%          6
j - Lehudib's Crystal Sp  Conj/Erth      57%        10d13     1%          8

Your spell library contained the following spells:

 Spells                   Type           Power      Damage    Failure   Level
 Foxfire                  Conj/Fire      100%       2x1d9     0%          1
 Kiss of Death            Conj/Necr      100%       2d13      0%          1
 Magic Dart               Conj           100%       1d8       0%          1
 Sandblast                Erth           100%       2d20      0%          1
 Sting                    Conj/Alch      100%       1d9       0%          1
 Momentum Strike          Conj/Tloc      100%       3d10      0%          2
 Scorch                   Fire           100%       2d9       0%          2
 Searing Ray              Conj           100%       2d8       0%          2
 Mephitic Cloud           Conj/Alch/Air  95%        N/A       0%          3
 Passwall                 Erth           100%       N/A       0%          3
 Brom's Barrelling Bould  Conj/Erth      100%       2d11      0%          4
 Flame Wave               Conj/Fire      100%       2d21      0%          4
 Necrotise                Necr           100%       1d9       1%          1
 Slow                     Hex            100%       N/A       1%          1
 Summon Small Mammal      Summ           100%       N/A       1%          1
 Blink                    Tloc           100%       N/A       1%          2
 Call Imp                 Summ           74%        N/A       1%          2
 Cigotuvi's Dreadful Rot  Necr/Alch/Air  100%       N/A       1%          2
 Lesser Beckoning         Tloc           100%       N/A       1%          2
 Dazzling Flash           Conj/Hex       100%       N/A       1%          3
 Frozen Ramparts          Ice            100%       1d16      1%          3
 Inner Flame              Hex/Fire       100%       N/A       1%          3
 Ozocubu's Armour         Ice            64%        N/A       1%          3
 Dimensional Bullseye     Hex/Tloc       30%        N/A       1%          4
 Fulminant Prism          Conj/Alch      42%        3d19      1%          4
 Ignite Poison            Fire/Alch      100%       N/A       1%          4
 Leda's Liquefaction      Alch/Erth      43%        N/A       1%          4
 Sticky Flame             Fire/Alch      100%       2d15      1%          4
 Summon Lightning Spire   Summ/Air       85%        N/A       1%          4
 Call Canine Familiar     Summ           37%        N/A       2%          3
 Confusing Touch          Hex            37%        N/A       2%          3
 Sigil of Binding         Hex            37%        N/A       2%          3
 Tukima's Dance           Hex            37%        N/A       2%          3
 Vampiric Draining        Necr           37%        2d8       2%          3
 Anguish                  Hex/Necr       18%        N/A       9%          4
 Cause Fear               Hex            18%        N/A       9%          4
 Dispel Undead            Necr           37%        3d15      9%          4
 Martyr's Knell           Necr/Summ      37%        N/A       9%          4
 Arcjolt                  Conj/Air       56%        1d66      0%          5
 Freezing Cloud           Conj/Ice/Air   49%        6-21      1%          5
 Irradiate                Conj/Alch      42%        3d25      1%          5
 Silence                  Hex/Air        42%        N/A       1%          5
 Bombard                  Conj/Erth      57%        9d9       1%          6
 Conjure Ball Lightning   Conj/Air       56%        3x3d20    1%          6
 Starburst                Conj/Fire      67%        6d17      1%          6
 Magnavolt                Erth/Air       57%        3d23      1%          7
 Maxwell's Capacitive Co  Air            56%        ∞         1%          8
 Yara's Violent Unravell  Hex/Alch       18%        3d9       7%          5
 Dispersal                Tloc           38%        N/A       8%          6
 Gell's Gavotte           Tloc           38%        2d(28-42) 8%          6
 Metabolic Englaciation   Hex/Ice        26%        N/A       11%         5
 Fire Storm               Conj/Fire      67%        8d17      21%         9
 Alistair's Intoxication  Alch           24%        N/A       24%         5
 Ozocubu's Refrigeration  Ice            32%        4d14      32%         7
 Fulsome Fusillade        Conj/Alch      42%        (3-5)d13  34%         8
 Manifold Assault         Tloc           38%        N/A       38%         7
 Sculpt Simulacrum        Ice/Alch       26%        N/A       50%         6
 Summon Cactus Giant      Summ           18%        N/A       80%         6
 Malign Gateway           Summ/Tloc      30%        N/A       87%         7
 Disjunction              Tloc           38%        N/A       97%         8
 Enfeeble                 Hex            18%        N/A       100%        7
 Haunt                    Necr/Summ      18%        N/A       100%        7
 Monstrous Menagerie      Summ           18%        N/A       100%        7
 Borgnjor's Revivificati  Necr           18%        N/A       100%        8
 Summon Horrible Things   Summ           18%        N/A       100%        8
 Death's Door             Necr           18%        N/A       100%        9
 Dragon's Call            Summ           18%        N/A       100%        9
 Polar Vortex             Ice            32%        12d4*     100%        9


Dungeon Overview and Level Annotations

Branches:
Dungeon (15/15) Zot: 23524  Temple (1/1) D:5 Zot: 5974    Lair (5/5) D:9 Zot: 21050
 Shoals (4/4) Lair:3 Zot: 19242   Snake (4/4) Lair:2 Zot: 17510   Slime (5/5) Lair:5 Zot: 25429
    Orc (2/2) D:12 Zot: 8553     Elf (3/3) Orc:2 Zot: 13816  Vaults (5/5) D:14 Zot: 19247
  Crypt (3/3) Vaults:2 Zot: 12910    Tomb (0/3) Crypt:3      Depths (4/4) D:15 Zot: 18127
    Zot (1/5) Depths:4 Zot: 5428   IceCv (visited)

Altars:
Ashenzari
Cheibriados
Dithmenos
Elyvilon
Fedhas
Gozag
Hepliaklqana
Kikubaaqudgha
Makhleb
Nemelex Xobeh
Okawaru
Qazlal
Ru
Sif Muna
Trog
Uskayaw
Vehumet
Wu Jian
Xom
Yredelemnul
Zin
The Shining One
Beogh
Jiyva
Lugonu

Shops:
D:8 =   D:15 *!((   Orc:2 [*=   Elf:1 **[(((:   Elf:2 [   Elf:3 *   Vaults:1 (

Portals:
Hell: Depths:1 Depths:3 Depths:4
Abyss: Lair:5 Depths:3
Ziggurat: Depths:1

Annotations:
D:2 1 runed translucent door, Crazy Yiuf
Snake:2 Roxanne
Slime:1 get slimy rune, be careful with disso
Elf:2 3 runed translucent doors
Vaults:4 3 runed translucent doors, partyrob117's ghost, adept MiBe
Crypt:1 1 transporter, exclusion: downstairs
Depths:1 1 transporter
Depths:3 plans - get chain up, death talisman up, throwing and evo to ~14, exclusion: downstairs


Innate Abilities, Weirdness & Mutations

You regain HP and MP as you explore.
You sometimes lose your temper in combat.


Message History

You feel the Orb delaying your translocation!
Unknown command.
Casting: Chain Lightning (dangerous; 16% risk of failure)
Confirm with . or Enter, or press ? or * to list all spells.
Okay, then.
Casting: Chain Lightning (dangerous; 16% risk of failure)
Confirm with . or Enter, or press ? or * to list all spells.
Aiming: Passage of Golubria (mildly dangerous; 1% risk of failure)
Press: ? - help, Dir - move target The golden dragon rages.
You now have 10/53 mp.
The golden dragon barely misses you. You block the golden dragon's attack.
The golden dragon misses you.
You enter the passage of Golubria.
There is a passage of Golubria here.
The protean progenitor glitters, grumbles, and stomps.
You see here a +0 flail.
Casting: Passage of Golubria (mildly dangerous; 1% risk of failure)
Confirm with . or Enter, or press ? or * to list all spells.
Okay, then.
The golden dragon rages. x2
Things that are here:
a +0 cloak; a green draconian skeleton You regained 3 hp, and now have 70/218 hp.
You feel much better.
The protean progenitor glitters, sighs, and beckons.
You regained 18 hp, and now have 88/218 hp.
You feel much better. The golden dragon bites you!!
The golden dragon claws you. The golden dragon tramples you!!
Your boots keep you from being knocked back.
You hold your ground!
You take 19 damage, and have 69/218 hp.
The golden dragon rages.
The golden dragon attacks as it pursues you!
The golden dragon bites you!!
* * * LOW HITPOINT WARNING * * *
The golden dragon barely misses you. The golden dragon tramples you!
* * * LOW HITPOINT WARNING * * *
You hold your ground!
The golden dragon bites you!!!
You die...

.### ......#..##.........##.
#.... #..##..#...ß...ß...#.
#.##.#####......#.....ß.....#.
##..#..#......#..#...ß...ß...#.
##....#........#..##.........##.
#...#..##..######..#.##...##.#..
#.....#..#...######....#####....#
...#..#...........###.........###
..###.#....#....@...###.....###.#
..##....######)D###...###'####..#
..##..#?...#..C#### .##...###...
..##..#..[...))...## #.....##...
..##..#............## #ß.>.ß##..#
..##..#..#.^........# #.....#...#
..##..#..#..........# ##.ß.##.?.#
.....#..#...#.......# #######..#
..##...#...#........# #..#


You could see a golden dragon (berserk) and a protean progenitor.

Vanquished Creatures
  the Royal Jelly (Slime:5)
  Dissolution (Slime:3)
  Mara (Depths:1)
  3 dread liches
  An ancient lich (Crypt:3)
  Boris (twice) (Vaults:3 Depths:4)
  Nikola (Depths:1)
  3 golden dragons
  Jory (Vaults:4)
  A bone dragon (Depths:3)
  Norris (Elf:1)
  3 doom hounds (Depths:4)
  2 hellephants (Depths:1)
  6 tentacled monstrosities
  3 liches
  Asterion (Depths:1)
  Grunn (Depths:4)
  2 deep elf blademasters (Elf:3)
  2 quicksilver dragons
  3 titans
  15 acid blobs
  A deep elf master archer (Elf:3)
  8 sphinxes
  A walking divine tome (Depths:4)
  4 death cobs (Zot:1)
  3 ancient champions
  5 storm dragons
  2 tengu reavers (Vaults:5)
  3 draconian monks (Zot:1)
  Kirke (D:15)
  2 revenants (Crypt:2)
  10 rockslimes
  5 nagarajas
  2 shadow dragons (Vaults:5)
  17 azure jellies
  4 deep elf sorcerers
  Aizul (Elf:1)
  9 fire giants
  6 frost giants
  30 vault wardens
  2 balrugs (Crypt:3)
  2 juggernaut zombies (Depths:1)
  A draconian knight (Depths:4)
  2 iron dragons
  The ghost of AutarchDCSS the Slicer, a journeyman DrEE of Okawaru (Snake:1)
  3 deep elf elementalists (Elf:3)
  2 spectral juggernauts (Depths:2)
  Louise (D:15)
  4 ghouls
  5 curse skulls
  A draconian stormcaller (Zot:1)
  2 spectral caustic shrikes (Depths:2)
  A draconian annihilator (Depths:4)
  2 caustic shrike skeletons
  7 formless jellyfish
  9 quicksilver oozes
  23 ironbound preservers
  11 very ugly things
  Nessos (D:13)
  8 stone giants
  4 ironbound thunderhulks
  2 grey draconians (Depths:4)
  2 deep elf demonologists (Elf:3)
  5 deep elf annihilators
  2 green draconians (Zot:1)
  17 dire elephants
  13 deep elf death magi
  2 spectral titans (Depths:2)
  9 vampire knights
  Azrael (D:15)
  3 minotaurs (Shoals:4)
  3 purple draconians
  2 yellow draconians (Depths:4)
  5 war gargoyles
  2 white draconians (Depths:4)
  Snorg (D:14)
  15 spark wasps
  4 eidola
  A merfolk javelineer (Shoals:4)
  3 fire dragons
  A crystal guardian (Vaults:4)
  2 spectral quicksilver dragons (Depths:2)
  10 ettins
  5 jiangshi
  2 entropy weavers
  4 spectral golden dragons (Depths:2)
  4 merfolk impalers
  3 spriggan zombies
  4 yaktaur captains
  5 deep elf high priests
  The ghost of trashops the Severer, a journeyman MDFi of Okawaru (D:11)
  A quicksilver dragon skeleton (Depths:3)
  5 ice dragons
  A rakshasa (Depths:3)
  3 salamander tyrants
  2 spectral sphinxes (Depths:2)
  5 great orbs of eyes
  6 hydras
  A catoblepas (Lair:2)
  7 ogre magi
  A peacekeeper (Vaults:4)
  4 ironbound frosthearts
  17 anacondas
  A merfolk avatar (Shoals:3)
  2 spriggan skeletons (Depths:3)
  41 vault guards
  2 two-headed ogres (shapeshifter)
  12 centaur warriors
  3 spectral tengu (Depths:2)
  3 spriggan air magi
  3 alligator snapping turtles (Shoals:4)
  2 sphinx zombies
  2 spectral fire giants (Depths:2)
  17 dancing weapons
  7 boulder beetles
  A merfolk aquamancer (Shoals:2)
  13 satyrs (Shoals:4)
  4 deep troll shamans
  3 hell hogs (Depths:1)
  A spectral frost giant (Depths:2)
  A titan zombie (Depths:1)
  A bennu skeleton (Crypt:1)
  11 naga warriors
  16 two-headed ogres
  3 sphinx skeletons (Depths:3)
  4 deep troll earth magi
  6 tengu warriors
  23 hell knights
  12 shock serpents
  12 vampire magi
  2 thrashing horrors (Lair:5)
  An alligator (shapeshifter) (D:14)
  5 soul eaters
  15 naga sharpshooters
  An occultist (Depths:1)
  8 deep elf knights
  4 titan skeletons (Depths:3)
  A storm dragon zombie (Depths:1)
  3 golden dragon zombies
  6 iron trolls
  5 skysharks
  2 deep elf archers
  A storm dragon skeleton (Depths:3)
  3 salamander mystics
  3 shadow wraiths
  A spectral spark wasp (Depths:2)
  3 spark wasp zombies (Depths:1)
  3 death drakes
  A glowing orange brain (shapeshifter) (Vaults:2)
  38 skeletal warriors
  55 deep trolls
  4 naga ritualists
  An anaconda zombie (Crypt:2)
  3 arcanists
  6 sea snakes
  10 flayed ghosts
  A ghost moth zombie (Crypt:2)
  A deep troll (shapeshifter) (Vaults:5)
  2 golden dragon skeletons (Depths:3)
  2 bog bodies (Crypt:1)
  4 glowing orange brains
  10 mana vipers
  14 harpies
  A thermic dynamo (Elf:2)
  3 necromancers
  27 phantasmal warriors
  12 lindwurms
  7 orc knights
  22 deep elf pyromancers
  15 deep elf zephyrmancers
  3 shadow dragon skeletons (Depths:3)
  2 tengu zombies (Depths:1)
  A wolf spider (Vaults:5)
  24 ironbound convokers
  2 frost giant zombies (Depths:1)
  A fire giant zombie (Depths:1)
  An iron dragon zombie (Depths:1)
  4 spectral spriggans (Depths:2)
  3 orc sorcerers
  23 ugly things
  An oklob plant (Lair:5)
  3 tengu skeletons
  13 manticores
  15 salamanders
  6 moths of wrath (Zot:1)
  11 fauns
  4 iron dragon skeletons (Depths:3)
  A stone giant zombie (Depths:1)
  4 shining eyes
  2 large abominations (Lair:5)
  18 cyclopes
  14 elephants
  2 fire giant skeletons (Depths:3)
  8 merfolk sirens
  9 guardian serpents
  3 meliai (D:14)
  24 black mambas
  3 eyes of devastation
  A kobold blastminer (Orc:1)
  2 naga zombies (Crypt:3)
  A centaur skeleton (Crypt:3)
  A meliai (shapeshifter) (D:13)
  22 vault sentinels
  2 frost giant skeletons (Depths:3)
  11 cane toads
  5 gargoyles
  14 naga magi
  Maggie (Lair:2)
  A water nymph (Shoals:1)
  A smoke demon (Lair:5)
  2 naga skeletons (Crypt:3)
  An unseen horror (D:11)
  An orange demon (Orc:1)
  A kobold demonologist (D:14)
  4 rime drakes
  A spectral human (Depths:2)
  An alligator snapping turtle skeleton (Crypt:1)
  2 rime drakes (shapeshifter)
  An efreet (D:14)
  5 komodo dragons
  A golden dragon simulacrum (Depths:2)
  7 freezing wraiths
  2 tengu conjurers
  24 yaktaurs
  A catoblepas skeleton (Crypt:2)
  2 harpy zombies (Crypt:3)
  An elf skeleton (Vaults:3)
  A spectral glowing shapeshifter (Depths:2)
  6 trolls
  6 polar bears
  A yaktaur skeleton (Vaults:3)
  18 merfolk
  A troll (shapeshifter) (D:13)
  4 wind drakes
  A tengu simulacrum (Depths:2)
  A polar bear (shapeshifter) (Elf:1)
  2 hornets
  15 blink frogs
  Grinder (D:6)
  A harpy skeleton (Crypt:3)
  A raiju (shapeshifter) (Lair:5)
  An ettin zombie (Depths:1)
  5 glass eyes
  A snapping turtle (shapeshifter) (Depths:3)
  10 snapping turtles
  3 raiju
  An iron dragon simulacrum (Depths:2)
  110 slime creatures
  Sigmund (D:4)
  A black mamba zombie (Crypt:3)
  6 shadows (Crypt:3)
  5 air elementals
  8 wyverns
  9 wraiths
  64 yaks
  A ynoxinul (Lair:5)
  A fire bat (Orc:1)
  14 wargs
  3 vampires (Crypt:3)
  6 hogs (D:15)
  14 water elementals
  5 basilisks
  5 fire elementals
  A golden eye (Slime:5)
  4 chaos spawn (Lair:5)
  A steam dragon (D:9)
  3 redbacks
  2 vampire mosquitoes (D:11)
  2 glowing shapeshifter zombies (Depths:1)
  2 human zombies (Depths:1)
  9 small abominations (Lair:5)
  4 acid dragons
  37 nagas
  A naga (shapeshifter) (Depths:3)
  2 hell hounds
  19 water moccasins
  3 glowing shapeshifter skeletons
  A sky beast (D:7)
  40 orc warriors
  An ice beast (D:7)
  6 black bears
  32 laughing skulls
  A dream sheep zombie (Crypt:1)
  14 wolves
  13 centaurs
  10 ogres
  A crocodile (shapeshifter) (D:14)
  4 boggarts (Vaults:1)
  12 bullfrogs
  A rime drake skeleton (Crypt:1)
  4 kobold brigands
  Blork the orc (D:5)
  A scorpion (D:5)
  A glowing shapeshifter simulacrum (Depths:3)
  4 earth elementals
  16 wights
  A human simulacrum (Vaults:3)
  5 killer bees (D:10)
  A yak skeleton (Crypt:1)
  4 howler monkeys
  6 electric eels
  2 bombardier beetles
  7 hounds
  5 jellies
  12 orc priests
  A gnoll bouda (D:5)
  A bullfrog skeleton (Crypt:2)
  Terence (D:2)
  2 iguanas
  20 orc wizards
  A scorpion zombie (Crypt:2)
  Natasha (thrice) (D:2)
  A basilisk skeleton (Crypt:1)
  15 gnolls
  11 adders
  A steam dragon skeleton (Crypt:2)
  A ribbon worm zombie (Crypt:1)
  A ribbon worm (D:5)
  2 dart slugs
  106 orcs
  5 bats
  14 endoplasms
  6 giant cockroaches
  A gnoll zombie (Crypt:2)
  8 goblins
  5 hobgoblins (D:1)
  9 jackals
  3 quokkas
  6 ball pythons
  2 frilled lizards
  A giant cockroach zombie (Crypt:2)
  27 kobolds
  A kobold skeleton (Crypt:1)
  A quokka zombie (Crypt:1)
  6 rats (D:1)
2173 creatures vanquished.

Vanquished Creatures (others)
  A laughing skull (Crypt:3)
1 creature vanquished.

Grand Total: 2174 creatures vanquished

Notes
Turn   | Place    | Note
-------+----------+-------------------------------------------
     0 | D:1      | Rudyous the Human Conjurer began the quest for the Orb.
     0 | D:1      | Reached XP level 1. HP: 13/13 MP: 3/3
   234 | D:1      | Reached XP level 2. HP: 20/20 MP: 3/5
   971 | D:1      | Reached skill level 1 in Fighting
   971 | D:1      | Reached skill level 1 in Translocations
  1062 | D:1      | Reached XP level 3. HP: 26/26 MP: 1/6
  1293 | D:1      | Learned a level 2 spell: Searing Ray
  1322 | D:2      | Found a shimmering altar of Xom.
  1426 | D:2      | Noticed Natasha
  1623 | D:2      | Killed Natasha
  1624 | D:2      | Reached XP level 4. HP: 28/32 MP: 2/7
  1628 | D:2      | Noticed Natasha
  1631 | D:2      | Killed Natasha
  1635 | D:2      | Noticed Natasha
  1639 | D:2      | Killed Natasha
  1667 | D:2      | Reached XP level 5. HP: 38/38 MP: 2/9
  1896 | D:2      | Noticed Terence
  1903 | D:2      | Killed Terence
  2244 | D:2      | Found a runed translucent door.
  2245 | D:2      | Noticed Crazy Yiuf
  2754 | D:3      | Reached XP level 6. HP: 46/46 MP: 5/10
  2919 | D:3      | Reached skill level 5 in Conjurations
  3104 | D:3      | Found a white marble altar of Elyvilon.
  3104 | D:3      | Found a hide-covered altar of Uskayaw.
  3104 | D:3      | Found a sacrificial altar of Ru.
  3106 | D:3      | Found an ornate altar of the Wu Jian Council.
  3106 | D:3      | Found a glowing silver altar of Zin.
  3106 | D:3      | Found a broken altar of Ashenzari.
  3108 | D:3      | Found an iron altar of Okawaru.
  3108 | D:3      | Found a shadowy altar of Dithmenos.
  3108 | D:3      | Found a bloodstained altar of Trog.
  3719 | D:4      | Noticed Sigmund
  3728 | D:4      | Killed Sigmund
  3729 | D:4      | Reached XP level 7. HP: 39/52 MP: 1/12
  4661 | D:4      | You are sucked into a shaft and drop 1 floor!
  4661 | D:5      | Entered Level 5 of the Dungeon
  4676 | D:5      | Reached XP level 8. HP: 60/60 MP: 7/14
  4731 | D:5      | Found a staircase to the Ecumenical Temple.
  4759 | Temple   | Entered the Ecumenical Temple
  4770 | Temple   | Became a worshipper of Vehumet
  5882 | D:5      | Identified the +2 robe "Yggog" {Harm Regen+ Int+2 Dex+3}
  5909 | D:5      | Noticed Blork the orc
  5918 | D:5      | Killed Blork the orc
  6204 | D:5      | Reached skill level 5 in Spellcasting
  6584 | D:5      | Reached skill level 5 in Fighting
  6584 | D:5      | Reached skill level 5 in Translocations
  6590 | D:5      | Learned a level 4 spell: Iskenderun's Mystic Blast
  6777 | D:6      | Noticed Grinder
  6796 | D:6      | Paralysed by Grinder for 4 turns
  6808 | D:6      | Killed Grinder
  6809 | D:6      | Reached XP level 9. HP: 52/68 MP: 2/17
  7878 | D:7      | Reached * piety under Vehumet
  7878 | D:7      | Offered knowledge of Sting by Vehumet.
  8612 | D:8      | Found Meawed's One-of-a-Kind Rings.
  8681 | D:8      | Noticed a hornet
  8694 | D:8      | Killed a hornet
  9102 | D:8      | Reached XP level 10. HP: 52/76 MP: 6/19
  9273 | D:8      | Noticed a two-headed ogre
  9284 | D:8      | Killed a two-headed ogre
  9632 | D:8      | Offered knowledge of Freeze by Vehumet.
  9807 | D:9      | Reached ** piety under Vehumet
 10530 | D:9      | Found a hazy altar of Hepliaklqana.
 10572 | D:9      | Offered knowledge of Mercury Vapours by Vehumet.
 10775 | D:9      | Reached *** piety under Vehumet
 11045 | D:9      | Found a staircase to the Lair.
 11107 | D:9      | Reached XP level 11. HP: 81/87 MP: 1/23
 12031 | D:9      | Offered knowledge of Frozen Ramparts by Vehumet.
 12034 | D:9      | Reached skill level 10 in Conjurations
 12258 | D:10     | Entered Level 10 of the Dungeon
 12795 | D:10     | Reached **** piety under Vehumet
 13381 | D:11     | Noticed a white ugly thing
 13390 | D:11     | Killed a white ugly thing
 13392 | D:11     | Found a frozen archway.
 13406 | IceCv    | Entered an ice cave
 13457 | IceCv    | Offered knowledge of Dazzling Flash by Vehumet.
 13458 | IceCv    | Reached skill level 10 in Fighting
 13573 | IceCv    | Noticed a white ugly thing
 13579 | IceCv    | Killed a white ugly thing
 13678 | IceCv    | Reached XP level 12. HP: 68/97 MP: 6/25
 14182 | IceCv    | Noticed an ironbound frostheart
 14310 | D:11     | Noticed a two-headed ogre
 14310 | D:11     | Noticed a two-headed ogre
 14318 | D:11     | Killed a two-headed ogre
 14320 | D:11     | Killed a two-headed ogre
 14470 | D:11     | Reached skill level 10 in Spellcasting
 14560 | D:11     | Found a runed translucent gate.
 14561 | D:11     | Found a runed translucent gate.
 14626 | D:11     | Reached skill level 1 in Armour
 15166 | D:11     | Found a runed translucent gate.
 15167 | D:11     | Noticed trashops's ghost (journeyman MDFi)
 15167 | D:11     | Noticed a nine-headed hydra
 15168 | D:11     | Noticed a 12-headed hydra
 15397 | Lair:1   | Entered Level 1 of the Lair of Beasts
 16271 | Lair:1   | Reached XP level 13. HP: 37/106 MP: 3/27
 16596 | Lair:1   | Reached ***** piety under Vehumet
 17119 | Lair:2   | Noticed Maggie
 17185 | Lair:2   | Offered knowledge of Airstrike by Vehumet.
 17186 | Lair:2   | Killed Maggie
 17370 | Lair:2   | Learned a level 3 spell: Stone Arrow
 17528 | Lair:2   | Reached skill level 5 in Armour
 17528 | Lair:2   | Reached skill level 1 in Fire Magic
 18127 | Lair:2   | Found a staircase to the Snake Pit.
 18376 | Lair:2   | Found an opulent altar of Gozag.
 19085 | Lair:3   | Found a staircase to the Shoals.
 20482 | Lair:4   | Reached skill level 5 in Fire Magic
 21232 | D:12     | Found a staircase to the Orcish Mines.
 21417 | Orc:1    | Entered Level 1 of the Orcish Mines
 21693 | D:12     | Reached XP level 14. HP: 61/116 MP: 2/29
 22307 | Orc:1    | Found a shimmering altar of Xom.
 22484 | Orc:1    | Found a roughly hewn altar of Beogh.
 22821 | D:8      | Bought the ring "Vetaipe" {MP+9 Str+3 Dex+3 SH+5} for 799
                  | gold pieces
 22923 | Orc:2    | Entered Level 2 of the Orcish Mines
 22923 | Orc:2    | Found a staircase to the Elven Halls.
 23809 | Orc:2    | Offered knowledge of Lee's Rapid Deconstruction by Vehumet.
 24392 | Orc:2    | Found Beaptom's Jewellery Shop.
 24416 | Orc:2    | Found a roughly hewn altar of Beogh.
 24451 | Orc:2    | Found Ukilu's Distillery.
 24821 | Orc:2    | Found Vuog's Assorted Antiques.
 24824 | Orc:2    | Found Ycaduuhi's Antique Armour Shop.
 24909 | Orc:2    | Bought a transparent robe for 153 gold pieces
 24909 | Orc:2    | Identified the +0 robe of Lugonu's Generosity {rF- Regen+
                  | rCorr} (You bought it in a shop on level 2 of the Orcish
                  | Mines)
 24919 | Orc:2    | Bought a glowing scarf for 296 gold pieces
 24930 | Orc:2    | Bought a square brass amulet for 135 gold pieces
 25852 | Lair:4   | Offered knowledge of Conjure Ball Lightning by Vehumet.
 26113 | Lair:5   | Entered Level 5 of the Lair of Beasts
 26245 | Lair:5   | Found a viscous altar of Jiyva.
 26245 | Lair:5   | Found a staircase to the Slime Pits.
 26464 | Lair:5   | Reached XP level 15. HP: 124/124 MP: 31/31
 26499 | Lair:5   | Identified the +4 chain mail "Girrer" {-Cast Harm Will++
                  | Int-2}
 27113 | Lair:5   | Reached skill level 10 in Fire Magic
 27246 | Lair:5   | Found a corrupted altar of Lugonu.
 27246 | Lair:5   | Found a one-way gate to the infinite horrors of the Abyss.
 27315 | Lair:5   | Learned a level 5 spell: Fireball
 27894 | D:13     | Noticed Nessos
 27898 | D:13     | Killed Nessos
 28839 | D:14     | Noticed Snorg
 29584 | D:14     | Offered knowledge of Orb of Destruction by Vehumet.
 30146 | D:14     | Found a gate to the Vaults.
 30183 | D:15     | Entered Level 15 of the Dungeon
 30294 | D:15     | Noticed Azrael
 30354 | D:14     | Learned a level 4 spell: Passage of Golubria
 30554 | Snake:1  | Entered Level 1 of the Snake Pit
 31124 | Snake:1  | Reached XP level 16. HP: 133/133 MP: 33/33
 31179 | Snake:1  | Found a transporter.
 31182 | Snake:1  | Found a transporter.
 31182 | Snake:1  | Noticed AutarchDCSS's ghost (journeyman DrEE)
 31456 | D:8      | Bought the ring of Zuec {Fly rElec rCorr Dex-3} for 431
                  | gold pieces
 32038 | Snake:1  | Reached skill level 15 in Conjurations
 32324 | Snake:1  | Found a burning altar of Makhleb.
 32402 | Snake:2  | Learned a level 8 spell: Ignition
 32663 | Snake:2  | Reached skill level 1 in Earth Magic
 32958 | Snake:2  | Noticed a nagaraja
 32991 | Snake:2  | Killed a nagaraja
 32992 | Snake:2  | Reached skill level 2 in Earth Magic
 33312 | Snake:2  | Found an ancient bone altar of Kikubaaqudgha.
 33541 | Snake:2  | Noticed Roxanne
 33714 | Snake:3  | Reached skill level 3 in Earth Magic
 33862 | Snake:3  | Noticed a nagaraja
 33867 | Snake:3  | Killed a nagaraja
 34147 | Snake:3  | Reached skill level 15 in Fighting
 34396 | Snake:3  | Identified the +8 chain mail of Dithmenos {rN++ Str+3
                  | Slay-6}
 34746 | Snake:4  | Entered Level 4 of the Snake Pit
 35064 | Snake:4  | Reached skill level 4 in Earth Magic
 35333 | Snake:4  | Noticed a nagaraja
 35336 | Snake:4  | Noticed a nagaraja
 35585 | Snake:4  | Killed a nagaraja
 35667 | Snake:4  | Reached XP level 17. HP: 142/142 MP: 23/34
 35755 | Snake:4  | Reached skill level 5 in Earth Magic
 35778 | Snake:4  | Reached ****** piety under Vehumet
 35778 | Snake:4  | Offered knowledge of Ozocubu's Refrigeration by Vehumet.
 36644 | Snake:4  | Reached skill level 6 in Earth Magic
 36657 | Snake:4  | Reached skill level 15 in Fire Magic
 37326 | Snake:4  | Got a serpentine rune of Zot
 37604 | Snake:1  | Reached skill level 7 in Earth Magic
 37618 | Snake:1  | Killed AutarchDCSS's ghost
 37833 | D:11     | Killed trashops's ghost
 37869 | D:11     | Identified the +7 double sword of Autumn {heavy, rElec}
 37997 | Orc:2    | Bought a potion of heal wounds for 65 gold pieces
 37997 | Orc:2    | Bought a potion of curing for 39 gold pieces
 37997 | Orc:2    | Bought a potion of brilliance for 52 gold pieces
 37997 | Orc:2    | Bought a potion of haste for 130 gold pieces
 37997 | Orc:2    | Bought a potion of curing for 39 gold pieces
 37997 | Orc:2    | Bought a potion of brilliance for 52 gold pieces
 38106 | Vaults:1 | Entered Level 1 of the Vaults
 38117 | Vaults:1 | Offered knowledge of Magnavolt by Vehumet.
 38133 | Vaults:1 | Learned a level 7 spell: Magnavolt
 38345 | Vaults:1 | Reached skill level 1 in Air Magic
 38912 | Vaults:1 | Noticed a sphinx
 39033 | Vaults:1 | Reached XP level 18. HP: 19/151 MP: 12/35
 39418 | Vaults:2 | Reached skill level 5 in Air Magic
 39661 | Vaults:2 | Found a crumbling gateway.
 40009 | Vaults:2 | Identified the +10 spear of Nuemukh {freeze, Int+4}
 40448 | Vaults:2 | Found a staircase to the Crypt.
 40556 | Vaults:2 | Reached skill level 8 in Earth Magic
 40938 | Vaults:2 | Identified the storm talisman of the Hidden Vale {rN+}
 41737 | Vaults:3 | Identified the +4 robe of Modesty {Dex+4 Slay-5}
 41737 | Vaults:3 | Noticed Boris
 42103 | Vaults:3 | Offered knowledge of Plasma Beam by Vehumet.
 42111 | Vaults:3 | Learned a level 6 spell: Plasma Beam
 42717 | Vaults:3 | Reached skill level 9 in Earth Magic
 42824 | Vaults:3 | Identified the +5 halberd of the Summoning Gods {venom,
                  | Will+ Str+5 Stlth+}
 42923 | Vaults:3 | Killed Boris
 43162 | Vaults:3 | Reached XP level 19. HP: 148/161 MP: 19/36
 43534 | Vaults:4 | Reached skill level 10 in Air Magic
 43659 | Vaults:4 | Identified the +9 flail "Jelly's Funeral" {pain, rF+ rCorr
                  | Dex-2 Stlth+}
 43802 | Vaults:4 | Found a runed translucent gate.
 43802 | Vaults:4 | Noticed partyrob117's ghost (adept MiBe)
 43803 | Vaults:4 | Found a runed translucent gate.
 43803 | Vaults:4 | Found a runed translucent gate.
 44025 | Vaults:4 | Offered knowledge of Shatter by Vehumet.
 44025 | Vaults:4 | Offered knowledge of Chain Lightning by Vehumet.
 44025 | Vaults:4 | Offered knowledge of Polar Vortex by Vehumet.
 44027 | Vaults:4 | Reached skill level 10 in Earth Magic
 44427 | Vaults:4 | Identified the +2 great sword of the Five Bounties {elec,
                  | rElec Int+5}
 44575 | Vaults:4 | Noticed Jory
 44582 | Vaults:4 | Killed Jory
 45356 | Vaults:1 | Reached skill level 11 in Earth Magic
 45857 | Vaults:1 | Found Qaaps's Weapon Emporium.
 45892 | Vaults:1 | Reached XP level 20. HP: 170/170 MP: 32/37
 46216 | Vaults:1 | Reached skill level 12 in Earth Magic
 46555 | D:14     | Killed Snorg
 46837 | Shoals:1 | Entered Level 1 of the Shoals
 48618 | Shoals:2 | Found the +3 pair of mountain boots {steadfast, rC+}
 48934 | Shoals:3 | Reached skill level 13 in Earth Magic
 49745 | Shoals:4 | Entered Level 4 of the Shoals
 50732 | Shoals:4 | Reached skill level 14 in Earth Magic
 50929 | Shoals:4 | Reached XP level 21. HP: 177/177 MP: 39/39
 50946 | Shoals:4 | Identified the +7 short sword of Parts Unknown {freeze,
                  | rElec rC- Str+3 Stlth+}
 51044 | Shoals:4 | Got the Guidebook on the Telluric Volcano
 51072 | Shoals:4 | Identified the staff "Jeam" {Dex+5 Earth}
 51075 | Shoals:4 | Got a barnacled rune of Zot
 51632 | D:15     | Found an ancient bone altar of Kikubaaqudgha.
 51641 | D:15     | Found Kothrug's Weapon Boutique.
 51643 | D:15     | Found Aryasch's Weapon Boutique.
 51645 | D:15     | Found Rithifik's Distillery.
 51646 | D:15     | Found Hyuk's General Store.
 51658 | D:15     | Bought a potion of attraction for 33 gold pieces
 51658 | D:15     | Bought an orb of energy for 176 gold pieces
 51658 | D:15     | Bought a scroll of revelation for 82 gold pieces
 51661 | D:15     | Bought a potion of berserk rage for 60 gold pieces
 51661 | D:15     | Bought a potion of heal wounds for 60 gold pieces
 51661 | D:15     | Bought a potion of heal wounds for 60 gold pieces
 51661 | D:15     | Bought a potion of heal wounds for 60 gold pieces
 51747 | D:15     | Noticed Kirke
 51753 | D:15     | Killed Kirke
 51868 | Elf:1    | Entered Level 1 of the Elven Halls
 51971 | Elf:1    | Found Noem Ymatu's Assorted Antiques.
 52029 | Elf:1    | Found a radiant altar of Vehumet.
 52099 | Elf:1    | Identified the serpent talisman "Zistrin" {rElec Str+4
                  | Int+5}
 52099 | Elf:1    | Noticed Aizul
 52120 | Elf:1    | Killed Aizul
 52294 | Elf:1    | Found Giefy's Book Boutique.
 52297 | Elf:1    | Found Ynkygrak's Weapon Shop.
 52299 | Elf:1    | Found Fecadomy's Antique Weapon Boutique.
 52343 | Elf:1    | Noticed Norris
 52371 | Elf:1    | Killed Norris
 52385 | Elf:1    | Learned a level 8 spell: Lehudib's Crystal Spear
 52511 | Elf:1    | Reached skill level 15 in Earth Magic
 52511 | Elf:1    | Paralysed by an air elemental for 1 turns
 52515 | Elf:1    | Paralysed by an air elemental for 1 turns
 52610 | Elf:1    | Found Ujeiz's Antique Weapon Shop.
 52643 | Elf:1    | Got the Cyclopedia of Battling
 52808 | Elf:1    | Found Wissumuf's General Store.
 53068 | Elf:2    | Paralysed by an air elemental for 1 turns
 53071 | Elf:2    | Paralysed by an air elemental for 1 turns
 53429 | Elf:2    | Found Hekloaro's Antique Armour Emporium.
 53700 | Elf:2    | Found a runed translucent gate.
 53701 | Elf:2    | Found a runed translucent gate.
 53701 | Elf:2    | Found a runed translucent gate.
 53741 | Elf:3    | Entered Level 3 of the Elven Halls
 54056 | Elf:3    | Found Gotrir's Assorted Antiques.
 54686 | Elf:3    | Paralysed by an air elemental for 1 turns
 54828 | Elf:2    | Found a shimmering blue altar of Sif Muna.
 54913 | Elf:3    | Identified the ring of Xokkon {Fire rPois Str-2 Int+6 SInv}
 55077 | Elf:3    | Reached skill level 16 in Earth Magic
 55282 | Elf:3    | Identified the +2 scale mail of Eternal Night {Str-2 Dex+3
                  | SInv}
 55469 | Elf:3    | Got the Compendium of Doom and Bolts
 55471 | Elf:3    | Got the Secrets of Phantasmal Subspace
 55476 | Elf:3    | Got the Guidebook on Comburant Xanthosis
 55520 | Elf:3    | Found the sphere of Battle
 55525 | Elf:3    | Got the Tome of Hurting
 55535 | Elf:3    | Got the Thoughts on the Mutagenic Mantle
 55851 | D:15     | Identified the +2 leather armour "Zasukeod" {Rampage rPois
                  | MP-9 Slay+2}
 55851 | D:15     | Identified the ring of Exuiffimp {rC- AC+4 Str+5 SInv}
 55851 | D:15     | Noticed Louise
 55853 | D:15     | Killed Louise
 55907 | D:15     | Found a staircase to the Depths.
 56037 | D:15     | Found a portal to a secret trove of treasure.
 56092 | D:15     | Killed Azrael
 56344 | Crypt:1  | Entered Level 1 of the Crypt
 56400 | Crypt:1  | Reached XP level 22. HP: 184/184 MP: 29/40
 56564 | Crypt:1  | Learned a level 9 spell: Shatter
 56568 | Crypt:1  | Reached skill level 17 in Earth Magic
 57114 | Crypt:1  | Noticed an ancient lich
 57429 | Crypt:1  | Found a shimmering blue altar of Sif Muna.
 57433 | Crypt:1  | Found a transporter.
 58029 | Crypt:2  | Reached skill level 18 in Earth Magic
 58823 | Crypt:2  | Identified the +6 hand axe of Rostraew {flame, rPois Str+4
                  | SInv}
 58927 | Crypt:3  | Entered Level 3 of the Crypt
 60140 | Crypt:3  | Identified the ring "Ileun" {Fly rN+ rCorr}
 60267 | Crypt:3  | Reached skill level 19 in Earth Magic
 60400 | Crypt:3  | Reached skill level 15 in Spellcasting
 60807 | Crypt:3  | Found a staircase to the Tomb.
 60809 | Crypt:3  | Noticed a dread lich
 60817 | Crypt:3  | Killed a dread lich
 60847 | Crypt:3  | Noticed an ancient lich
 60849 | Crypt:3  | Killed an ancient lich
 60905 | Crypt:3  | Identified the ring of Ycvel {Ice rN++ Dex-3 Slay+5 SInv}
 60905 | Crypt:3  | Identified the ring of the Madman {rC+ rN+ Dex+2}
 60905 | Crypt:3  | Identified the ring of Saci {Fly rN++}
 61126 | Crypt:3  | Identified the +9 sling "Mel Gamy" {heavy, rN+ rCorr Int+4
                  | Dex+3}
 61453 | Depths:1 | Entered Level 1 of the Depths
 61695 | Depths:1 | Noticed Nikola
 61699 | Depths:1 | Killed Nikola
 61700 | Depths:1 | Reached skill level 1 in Shapeshifting
 61700 | Depths:1 | Reached XP level 23. HP: 129/190 MP: 25/42
 61875 | Depths:1 | Noticed Asterion
 61909 | Depths:1 | Reached skill level 1 in Throwing
 61941 | Depths:1 | Killed Asterion
 61991 | Depths:1 | Found a gateway to Hell.
 62268 | Depths:1 | Found a transporter.
 62321 | Depths:1 | Found a one-way gateway to a ziggurat.
 62323 | Depths:1 | Noticed Mara
 62326 | Depths:1 | Noticed Rudyous's illusion
 62327 | Depths:1 | Killed Mara
 62525 | Depths:1 | Noticed a juggernaut
 62559 | Depths:1 | Found a bloodstained altar of Trog.
 62559 | Depths:1 | Found the necklace of Bloodlust {Fury *Rage Will++ Int-3
                  | Slay+6}
 62843 | Depths:1 | Found a basalt altar of Yredelemnul.
 63378 | Depths:2 | Reached skill level 5 in Shapeshifting
 63538 | Depths:2 | Reached skill level 5 in Throwing
 64497 | Depths:3 | Reached XP level 24. HP: 195/197 MP: 33/43
 65527 | Depths:3 | Identified the +1 trident of Diet Blood {speed, rPois Str+4
                  | Int+2}
 65680 | Depths:2 | Noticed a dread lich
 65682 | Depths:2 | Killed a dread lich
 65707 | Depths:3 | Upgraded the game from 0.32-a0-975-g85d4e5bfdb to
                  | 0.32-a0-981-g384da2ce10
 65728 | Depths:4 | Entered Level 4 of the Depths
 65728 | Depths:4 | Noticed Grunn
 65732 | Depths:4 | Killed Grunn
 65908 | Depths:4 | Reached skill level 15 in Air Magic
 65979 | Depths:4 | Identified the +2 robe of Negligence {Str+4}
 65979 | Depths:4 | Noticed Boris
 65982 | Depths:4 | Killed Boris
 66106 | Depths:4 | Reached skill level 10 in Shapeshifting
 66753 | D:15     | You paid a toll of a +5 demon trident to enter a treasure
                  | trove
 66754 | Trove    | Entered a treasure trove
 66832 | Trove    | Reached XP level 25. HP: 204/204 MP: 43/43
 66864 | D:15     | Learned a level 9 spell: Chain Lightning
 67540 | Depths:4 | Found a gate to the Realm of Zot.
 67878 | Elf:3    | Bought a potion of heal wounds for 175 gold pieces
 67878 | Elf:3    | Bought a wand of light (4) for 588 gold pieces
 67878 | Elf:3    | Bought a steaming great sword for 402 gold pieces
 67878 | Elf:3    | Identified the +5 great sword of Anafiev {protect, *Noise
                  | rC+ Int+4} (You bought it in a shop on level 3 of the Elven
                  | Halls)
 67878 | Elf:3    | Bought a scroll of poison for 140 gold pieces
 67878 | Elf:3    | Bought a scroll of teleportation for 105 gold pieces
 67948 | Elf:2    | Bought a glowing helmet for 315 gold pieces
 67992 | Elf:1    | Bought a +2 cloak of preservation for 344 gold pieces
 68215 | Slime:1  | Entered Level 1 of the Pits of Slime
 68485 | Slime:2  | Paralysed by a formless jellyfish for 1 turns
 69028 | Slime:3  | Noticed Dissolution
 69467 | Vaults:5 | Entered Level 5 of the Vaults
 69469 | Vaults:5 | Reached XP level 26. HP: 211/211 MP: 43/43
 69494 | Vaults:5 | Noticed a dread lich
 69497 | Vaults:5 | Killed a dread lich
 69524 | Vaults:5 | Gained mutation: You sometimes lose your temper in combat.
                  | [mutagenic glow]
 69818 | Vaults:5 | Identified the +11 dagger "Pendulum" {drain, Int+4}
 70111 | Vaults:5 | Identified the staff of Zivoz {rElec Dex+6 Conj}
 70209 | Vaults:5 | Identified the +1 rapier of Resourcefulness {freeze, Dex+3
                  | Stlth+}
 70562 | Vaults:5 | Identified the +5 short sword of Linearity {venom, Dex+5}
 70637 | Vaults:5 | Got a silver rune of Zot
 72519 | Slime:3  | Killed Dissolution
 72520 | Slime:3  | Reached skill level 1 in Ice Magic
 72806 | Slime:5  | Entered Level 5 of the Pits of Slime
 72832 | Slime:5  | Reached XP level 27. HP: 218/218 MP: 15/44
 73002 | Slime:5  | Noticed the Royal Jelly
 73005 | Slime:5  | Killed the Royal Jelly
 73086 | Slime:5  | Reached skill level 15 in Shapeshifting
 73180 | Slime:5  | Got Dispater's Handbook of the Phantasmal Impact
 73185 | Slime:5  | Got a slimy rune of Zot
 73186 | Slime:5  | Identified the ring of the Baleful Lemon {MP+9 Int+5 Dex-4}
 73252 | Slime:5  | Found the +2 hat of the Bear Spirit {Spirit, Bear, *Rage
                  | Will++}
 73259 | Slime:5  | Identified the +0 ring mail "Hetoogomuz" {rF+}
 73490 | Slime:5  | Identified the staff of Sif Muna, Burning {rPois Int+4 Ice
                  | Alchemy}
 73491 | Slime:5  | Identified the +0 plate armour "Qigokuc" {rN+++ rCorr}
 73501 | Slime:5  | Identified the +0 ring mail of Inviolability {rPois rN+
                  | Str+3 Int+3}
 73521 | Slime:5  | Identified the +0 chain mail of Houmn {Will+ Int-5 Dex+2
                  | Stlth+}
 74713 | Zot:1    | Entered Level 1 of the Realm of Zot
 74746 | Zot:1    | Learned a level 1 spell: Apportation
 75051 | Zot:1    | Identified the +6 plate armour of the Present {rC+ SInv
                  | Stlth+}
 75090 | Zot:1    | Reached skill level 1 in Evocations
 75282 | Zot:1    | Mangled by a golden dragon

Illustrated notes

Levels and vault maps discovered:
D:1:      wander_arrival_peaceful_grave, layout_loops_corners
D:2:      layout_rooms, basic_altar, uniq_natasha, uniq_crazy_yiuf_cottage,
          uniq_terence
D:3:      layout_loops_ring, nicolae_overflows_in_rows
D:4:      layout_basic, minmay_bent, uniq_sigmund
D:5:      layout_cave_pods, minmay_temple_entry_sparse_star, nicolae_the_louvre,
          uniq_blork_the_orc
D:6:      layout_gridville, minmay_misc_feat_room, uniq_grinder
D:7:      layout_basic, minmay_fractal_squares_diagonal_5
D:8:      layout_basic, nicolae_shop_unique_rings
D:9:      layout_cave_pods, mainiacjoe_overflow_brackets,
          minmay_lair_entry_grove, special_room [special_room_orc],
          chequers_big_river
D:10:     layout_loops_ring
D:11:     layout_roguey, portal_ice_cave_entry_pillars_1,
          gammafunk_ghost_hydra_chop, hangedman_decor_points
D:12:     layout_roguey, orc_0_dummy
D:13:     layout_stronghold, uniq_nessos
D:14:     layout_cave_pools, david_vaults_4, uniq_snorg
D:15:     grunt_enter_depths_giant_problem, layout_cave_pools,
          nicolae_trove_entry_free_sample, kiku_gazebo_pond_becter,
          minmay_shop_grid_forest, minmay_crystal_water, uniq_kirke,
          uniq_louise, uniq_azrael
Temple:   hellmonk_temple_two_chambers
Lair:1:   layout_loops_ring, serial_rivers, chequers_serial_rivers_marsh,
          chequers_serial_rivers_room_a, chequers_serial_rivers_large_b,
          chequers_serial_rivers_marsh, grunt_megastairs_1,
          infiniplex_staircase_pool
Lair:2:   layout_misc_corridors, guppyfry_snake_entry_garden, basic_altar,
          uniq_maggie
Lair:3:   layout_gridlike, shoals_dummy_entry, grunt_megastairs_3
Lair:4:   layout_misc_corridors, serial_bayou_lagoon_a,
          chequers_serial_rivers_micro_d, cheibrodos_lair_lostbears
Lair:5:   hellmonk_lair_end_abyssal_woods, layout_regular_city,
          nicolae_slime_entry_slimehenge, lemuel_fruit_fields,
          lemuel_fruit_fields, serial_bayou_shore_b, infiniplex_staircase_pool_2
Shoals:1: layout_shoals, nicolae_shoals_so_close
Shoals:2: layout_shoals, st_sunken_temple
Shoals:3: layout_shoals, st_shoals_ruin
Shoals:4: shoals_end_hellmonk_lost_city
Snake:1:  layout_grid_maze, gammafunk_ghost_arena, basic_altar, st_stairs_14,
          serial_bayou_crossing
Snake:2:  nicolae_snake_shooting_gallery, layout_misc_corridors, basic_altar,
          uniq_roxanne
Snake:3:  layout_grid_shapes
Snake:4:  snake_pit_salamanders_mu, layout_cave_town
Slime:1:  layout_caves, cheibrodos_slime_lost_civilization_4
Slime:2:  layout_caves
Slime:3:  layout_caves, basic_altar, dissolution_awaits
Slime:4:  layout_caves
Slime:5:  slime_pit_nicolae_inversion
Orc:1:    layout_caves, basic_altar, regret_index_xom_of_box
Orc:2:    st_orc_town, layout_caves
Elf:1:    eino_elf_arrival_sip, layout_gridlike, serial_shops,
          nicolae_shop_tiny_glass, shop, nicolae_shop_pleasant_corner_grove,
          shop, basic_altar, minmay_elf_annihilation, roderic_nine_men_s_morris,
          minmay_shop_star, uniq_norris, uniq_aizul
Elf:2:    nicolae_elf_blades_crystal_corner, layout_gridlike, serial_shops,
          nicolae_stop_n_shop_1, lemuel_upstairs_altar
Elf:3:    grunt_elf_hall_branching, layout_onion_city, serial_shops, shop
Vaults:1: nicolae_vaults_taking_the_gang_shopping, nicolae_vaults_big_ls,
          nicolae_vaults_little_squares_5, nicolae_vaults_twisting_passages,
          v_rooms_6, v_misc_25, st_spiral_rooms, nicolae_vaults_network_star,
          vaults_room_fours, nicolae_vaults_diamond_1, nicolae_vaults_tangram_1,
          nicolae_vaults_trapezoid_4, layout_vaults_omnibox
Vaults:2: portal_desolation_entry_nicolae_slug, ontoclasm_vaults_shuriken,
          ontoclasm_vaults_chip, v_misc_4, nicolae_vaults_circle_grid_b,
          nicolae_vaults_closet_pinwheel_2, dpeg_vaults_monster_box,
          layout_vaults_quadrants, dummy_crypt_entry
Vaults:3: nicolae_vaults_angled_halls, hangedman_vaults_corner_blocks,
          v_pattern_4, nicolae_vaults_cornered_office, vaults_room_corners,
          nicolae_vaults_wrenched, grunt_vaults_funnel, nicolae_vaults_house_3,
          hangedman_vaults_variations, ontoclasm_vaults_pinch,
          nicolae_vaults_security_offices_4, nicolae_vaults_tetromino_T_2,
          layout_vaults_omnicross, uniq_boris
Vaults:4: ebering_ghost_rock_garden, nicolae_vaults_storage_closets_2,
          nicolae_vaults_thirteen_compartments, nicolae_vaults_little_ls,
          nicolae_vaults_storage_closets_1, nicolae_vaults_heist,
          nicolae_vaults_sesquioval_fish, nicolae_vaults_diamond_1,
          layout_vaults_big_room, uniq_jory
Vaults:5
Crypt:1:  gammafunk_sealed_library, layout_regular_city,
          small_statue_intersection, minmay_misc_feat_columns
Crypt:2:  layout_regular_city, nicolae_crypt_lichyard
Crypt:3:  quadcrypt_mu
Depths:1: emtedronai_trogs_sanctum, layout_gridlike, enter_ziggurat_a,
          minmay_holes, grunt_hell_horde, chequers_serial_rivers_micro_a,
          nicolae_yredelemnul_corpse_copse, uniq_nikola, uniq_mara,
          uniq_asterion
Depths:2: lemuel_river_lethe, pan_entry, hell_entry
Depths:3: minmay_skeleton_keep, layout_gridlike, serial_sigils,
          serial_sigils_hangedman_writhe, serial_sigils_hangedman_scratch,
          serial_sigils_hangedman_gnaw, serial_sigils_hangedman_shear,
          serial_sigils_hangedman_leer, serial_sigils_hangedman_scar,
          hell_entry, minmay_misc_feat_square,
          regret_index_abyss_entry_already_here
Depths:4: evilmike_zot_entry_gauntlet, layout_cave_pools,
          pf_hell_entry_tar_spiral, hangedman_corner_corridor, uniq_grunn
Zot:1:    layout_concentric_octagons, regret_index_zotdec_split_disrupt,
          st_stairs_5, zot_minivault_4, grunt_megastairs_2

Skill      XL: |  1  2  3  4  5  6  7  8  9 10 11 12 13 14 15 16 17 18 19 20 21 22 23 24 25 26 27 |
---------------+----------------------------------------------------------------------------------+-----
Fighting       | 1 2 3 4 5 6 8 10 11 12 13 14 15 16 17 18 | 18.3
Translocations | 1 2 3 4 5 6 7 |  7.0
Spellcasting   | 3 4 5 6 8 9 10 11 12 13 14 15 16 17 | 17.8
Conjurations   | 5 7 8 9 11 12 13 14 15 16 17 18 | 18.0
Armour         | 4 5 6 |  6.0
Fire Magic     | 5 9 11 14 16 | 16.1
Earth Magic    | 4 7 9 11 14 16 19 | 19.0
Air Magic      | 3 9 12 13 14 15 16 18 | 18.0
Shapeshifting  | 1 7 10 12 14 15 | 15.5
Throwing       | 6 8 |  8.4
Ice Magic      | 2 4 |  4.1
Evocations     | 1 |  1.6
Dodging        | |  2.0
Stealth        | |  2.0

Action                     |  1- 3 |  4- 6 |  7- 9 | 10-12 | 13-15 | 16-18 | 19-21 | 22-24 | 25-27 || total
---------------------------+-------+-------+-------+-------+-------+-------+-------+-------+-------++-------
  Melee: Dagger            |     2 |     3 |       |       |       |       |       |       |       ||     5
         Whip              |       |    12 |    38 |    62 |    46 |    10 |       |       |       ||   168
         Double sword      |       |       |       |       |       |     1 |       |       |       ||     1
         Spear             |       |       |       |       |       |     7 |       |       |       ||     7
         Great sword       |       |       |       |       |       |       |     4 |    10 |       ||    14
   Cast: Magic Dart        |    56 |    72 |   131 |   120 |    39 |       |       |       |       ||   418
         Searing Ray       |     1 |    21 |    30 |    47 |     9 |       |       |       |       ||   108
         Iskenderun's Myst |       |       |    40 |   164 |   243 |     3 |     8 |     2 |       ||   460
         Stone Arrow       |       |       |       |       |   401 |   255 |    32 |    26 |       ||   714
         Fireball          |       |       |       |       |    96 |   434 |     4 |       |       ||   534
         Passage of Golubr |       |       |       |       |     1 |    13 |     3 |       |     1 ||    18
         Ignition          |       |       |       |       |       |    30 |    57 |    47 |    39 ||   173
         Plasma Beam       |       |       |       |       |       |    77 |   557 |   289 |   102 ||  1025
         Magnavolt         |       |       |       |       |       |    17 |       |       |       ||    17
         Lehudib's Crystal |       |       |       |       |       |       |    35 |   167 |    37 ||   239
         Shatter           |       |       |       |       |       |       |       |    52 |   102 ||   154
         Chain Lightning   |       |       |       |       |       |       |       |       |     6 ||     6
  Evoke: Wand              |       |     2 |     7 |    10 |     5 |     4 |       |       |       ||    28
         Tin of tremorston |       |       |       |       |       |       |     1 |       |       ||     1
    Use: Potion            |       |     1 |       |       |     1 |     2 |     5 |     4 |     7 ||    20
         Scroll            |       |       |     8 |     7 |    13 |    12 |     5 |    10 |     3 ||    58
   Stab: Invisible         |       |       |       |     1 |       |       |       |       |       ||     1
 Armour: Robe              |    16 |    51 |   106 |    23 |       |       |       |       |       ||   196
         Steam dragon scal |       |       |       |   163 |   237 |       |       |       |       ||   400
         Troll leather arm |       |       |       |       |    75 |   364 |   178 |   215 |    79 ||   911
         Leather armour    |       |       |       |       |       |       |       |       |    38 ||    38
  Dodge: Dodged            |    14 |    40 |    98 |   255 |   230 |   118 |    53 |    91 |    42 ||   941
  Block: Other             |       |       |       |       |    57 |    14 |    28 |    29 |     7 ||   135

Table legend: (Time is in decaauts)
 A = Elapsed time spent in this place.
 B = Non-inter-level travel time spent in this place.
 C = Inter-level travel time spent in this place.
 D = Time resting spent in this place.
 E = Time spent auto-exploring this place.
 F = Levels seen in this place.
 G = Mean time per level.
                   A        B        C        D        E       F      G
               +--------+--------+--------+--------+--------+-----+--------+
         Total |  75735 |  66498 |   9237 |  15370 |  39718 |  54 | 1402.5 |
       Dungeon |  21978 |  18816 |   3162 |   4077 |  12040 |  15 | 1465.2 |
        Temple |     25 |     25 |      0 |      0 |      0 |   1 |   25.0 |
          Lair |   8950 |   7851 |   1099 |   1717 |   4868 |   5 | 1790.0 |
        Shoals |   4757 |   4244 |    513 |    990 |   2660 |   4 | 1189.2 |
     Snake Pit |   6489 |   6097 |    392 |   1351 |   3567 |   4 | 1622.2 |
    Slime Pits |   2734 |   2416 |    318 |    439 |   1673 |   5 |  546.8 |
  Orcish Mines |   3446 |   3223 |    223 |    991 |   1564 |   2 | 1723.0 |
   Elven Halls |   4183 |   3708 |    475 |    477 |   2570 |   3 | 1394.3 |
        Vaults |  10752 |   9648 |   1104 |   2197 |   5807 |   5 | 2150.4 |
         Crypt |   5089 |   3899 |   1190 |   1127 |   1732 |   3 | 1696.3 |
        Depths |   5873 |   5139 |    734 |   1554 |   2614 |   4 | 1468.2 |
           Zot |    570 |    547 |     23 |     49 |    404 |   1 |  570.0 |
         Trove |     98 |     98 |      0 |      0 |      0 |   1 |   98.0 |
      Ice Cave |    785 |    785 |      0 |    400 |    218 |   1 |  785.0 |
               +--------+--------+--------+--------+--------+-----+--------+

Top non-repeatable levels by time:
Vaults:2: 2923 daAuts
     D:9: 2827 daAuts
 Crypt:3: 2764 daAuts
Vaults:1: 2534 daAuts
 Snake:4: 2523 daAuts
  Lair:1: 2323 daAuts
Depths:3: 2288 daAuts
  Lair:2: 2242 daAuts
Vaults:3: 2106 daAuts
Vaults:4: 2096 daAuts
   Elf:3: 2070 daAuts
Depths:1: 1937 daAuts
    D:12: 1896 daAuts
    D:14: 1886 daAuts
   Orc:2: 1780 daAuts
